Map: Luces y sombras EE

Players

KevinECU - Winner!

  • Race: Protoss Protoss
  • League: Diamond

StrengthN

  • Race: Protoss Protoss
  • League: Diamond

VOD

Have the link to the VOD?

Description

Time

  • Played on: May 8, 2021, 7:50 p.m.
  • Length: 5:34
Show
View Real Time Build Order
Export as new Build Order

KevinECU Protoss - Winner!

Build Orders: Oracle Opening, Mass Adepts 

Get SALT Encoding   

  12  0:00  Probe  
  13  0:12  Probe  
  14  0:17  Pylon  
  14  0:24  Probe (Chrono Boost)  
  15  0:36  Gateway, Probe (Chrono Boost)  
  16  0:44  Probe (Chrono Boost)  
  16  0:47  Assimilator  
  17  0:51  Probe  
  18  0:57  Assimilator  
  18  1:03  Probe (Chrono Boost)  
  19  1:10  Gateway  
  19  1:14  Probe (Chrono Boost)  
  20  1:19  Probe (Chrono Boost)  
  21  1:26  Cybernetics Core  
  21  1:33  Probe  
  22  1:44  Pylon  
  22  1:45  Probe  
  23  2:02  Adept, Probe  
  23  2:03  Adept, Warp Gate (Chrono Boost)  
  23  2:07  Pylon  
  29  2:15  Probe  
  29  2:20  Pylon  
  28  2:32  Adept  
  28  2:33  Adept  
  28  2:36  Probe  
  33  2:53  Probe  
  33  2:55  Stargate  
  34  3:15  Nexus  
  34  3:17  Pylon  
  34  3:22  Adept  
  34  3:26  Adept  
  38  3:40  Shield Battery, Oracle  
  41  3:50  Shield Battery  
  36  4:14  Adept x2  
  40  4:17  Oracle  
  40  4:21  Probe  
  44  4:27  Robotics Facility  
  44  4:34  Probe  
  45  4:41  Adept x2  
  49  4:50  Probe x2  
  51  5:02  Probe x2  
  53  5:10  Assimilator  
  53  5:12  Twilight Council  
  51  5:14  Probe x2  
  51  5:15  Gateway  
  51  5:25  Adept  
  51  5:26  Adept  
  56  5:32  Gateway  
Show
View Real Time Build Order
Export as new Build Order

StrengthN Protoss 

Build Orders:  

Get SALT Encoding   

  12  0:00  Probe  
  13  0:12  Probe  
  14  0:21  Pylon  
  14  0:25  Probe  
  15  0:39  Probe (Chrono Boost)  
  15  0:40  Gateway  
  17  0:50  Probe (Chrono Boost)  
  17  0:55  Probe (Chrono Boost)  
  18  0:58  Assimilator  
  18  1:05  Probe (Chrono Boost)  
  19  1:12  Gateway  
  19  1:16  Probe (Chrono Boost)  
  20  1:28  Cybernetics Core  
  20  1:29  Probe  
  20  1:31  Pylon  
  21  1:36  Assimilator  
  21  1:43  Probe  
  22  1:55  Probe  
  23  2:05  Stalker x2  
  27  2:11  Warp Gate (Chrono Boost)  
  27  2:34  Pylon  
  27  2:36  Nexus  
  27  2:41  Probe  
  28  2:48  Stalker  
  30  2:56  Stalker  
  31  2:59  Probe  
  32  3:06  Pylon  
  32  3:33  Probe  
  33  3:35  Robotics Facility  
  33  3:38  Pylon  
  33  3:45  Probe  
  32  3:58  Probe  
  33  4:04  Stalker x2  
  33  4:09  Probe  
  36  4:10  Probe  
  36  4:15  Gateway  
  35  4:17  Twilight Council  
  35  4:21  Probe  
  35  4:22  Probe  
  37  4:25  Shield Battery  
  37  4:27  Shield Battery  
  37  4:33  Probe  
  37  4:34  Stalker, Probe  
  36  4:45  Probe  
  36  4:52  Stalker  
  29  5:17  Probe  
Tags
 
Add a new tag
Caveats
  • Supply blocks, unpowered buildings, or Contaminate may cause inaccurate times.
  • Supply counts are checked every 10 seconds.